 Dungeon Crawl Stone Soup version 0.31.0-11-ge490571c62 (webtiles) character file.

Game seed: 15630351343535682080

571 qw the Shooter (level 7, -1/35 HPs)
             Began as a Spriggan Hunter on Feb 5, 2024.
             Was an Initiate of Okawaru.
             Killed by divine providence
             ... invoked by an orc priest
              (8 damage)
             ... on level 4 of the Dungeon.
             The game lasted 00:01:43 (3367 turns).

qw the Shooter (Spriggan Hunter)                    Turns: 3367, Time: 00:01:43

Health: -1/35      AC:  3    Str:  7    XL:     7   Next: 11%
Magic:  8/8        EV: 22    Int: 10    God:    Okawaru [......]
Gold:   71         SH:  0    Dex: 21    Spells: 6/6 levels left

rFire   + . .        a - +1 shortbow (freeze)
rCold   . . .        (shield currently unavailable)
rNeg    . . .        g - +1 robe {rF+}
rPois   .            (helmet restricted)
rElec   .            (no cloak)
rCorr   .            (gloves unavailable)
SInv    +            (boots unavailable)
Will    +....        l - amulet of regeneration
Stlth   ++           (no ring)
HPRegen 1.05/turn    (no ring)
MPRegen 0.11/turn

%: no passive effects
@: very quick
A: very small, no large weapons, unfitting armour, see invisible, speed 3
a: Renounce Religion


You were on level 4 of the Dungeon.
You worshipped Okawaru.
Okawaru was noncommittal.
You visited 1 branch of the dungeon, and saw 4 of its levels.
You also visited: Sewer.

You collected 269 gold pieces.
You spent 198 gold pieces at shops.


Innate Abilities, Weirdness & Mutations

You are very small and have problems with some larger weapons.
You are too small for most types of armour.
You have supernaturally acute eyesight. (SInv)
You cover ground extremely quickly. (Speed+++)


   Skills:
 - Level 2.0 Fighting
 - Level 7.0 Ranged Weapons
 + Level 6.8 Dodging
 - Level 1.5 Stealth


You had 6 spell levels left.
You didn't know any spells.
Your spell library was empty.

Inventory:

Hand Weapons
 a - a +1 shortbow of freezing (weapon)
Armour
 g - a +1 robe of fire resistance (worn)
Jewellery
 j - an amulet of reflection
 l - an amulet of regeneration (around neck)
Wands
 m - a wand of digging (7)
 n - a wand of polymorph (14)
Scrolls
 e - a scroll of identify
 i - 3 scrolls of teleportation
Potions
 b - a potion of haste
 c - a potion of mutation
 d - 3 potions of curing
 f - 2 potions of heal wounds
 h - a potion of lignification {unknown}
 k - a potion of ambrosia {unknown}
 p - a potion of attraction {unknown}

Dungeon Overview and Level Annotations

Branches:
Dungeon (4/15)              Sewer (visited)
 Temple: D:4-7

Altars:
Fedhas
Makhleb
Okawaru

Shops:
D:4 *

Annotations:
D:2 1 runed translucent door, Crazy Yiuf


Message History

The orc wizard flickers and vanishes for a moment.
The quokka bites you but does no damage.
You hear a shout!
You shoot an arrow. The arrow hits the quokka!
The arrow freezes the quokka.
You kill the quokka!
The endoplasm freezes you.
You are frozen.
An orc wizard comes into view. It is wielding a +0 dagger.
You shoot an arrow. The arrow hits the orc priest!
The arrow freezes the orc priest.
The orc priest is severely wounded.
The endoplasm freezes you.
You are frozen.
The orc priest hits you with a +0 hand axe.
You shoot an arrow.
The arrow hits the orc priest but does no damage.
The orc priest is severely wounded.
The endoplasm misses you.
The orc priest mumbles some strange prayers to Beogh against you.
You resist with significant effort.
You shoot an arrow. The arrow barely misses the orc priest.
The endoplasm completely misses you. The endoplasm freezes you.
You are frozen.
The orc priest barely misses you.
The orc wizard mumbles some strange words.
The orc wizard flickers and vanishes for a moment.
You shoot an arrow.
The arrow hits the orc priest but does no damage.
The orc priest is severely wounded.
The orc completely misses you.
The orc priest hits you with a +0 hand axe.
The endoplasm hits you but does no damage.
You shoot an arrow. The arrow barely misses the orc priest.
The orc misses you.
The endoplasm jiggles.
The endoplasm freezes you.
You are frozen.
The orc priest mumbles some strange prayers to Beogh against you.
Beogh smites you!
You die... #..... .7~~7 #..... 7 ~~~~ #######..... 7.~~o~ #.....#..... .7~~7 #...>.#..... ...$ ##.....#..... 7)o7

#'.....#.....
##oJ#######...#.....
#.o@......#...#.....
#......#......#.%.+.....
#......#......#...#.....
#####..#....).)...#.....
#..#....).#####.....
...#..%.)...........
....#.............?..
....#................
#................


You could see an orc priest, 2 orc wizards, an orc and an endoplasm.

Vanquished Creatures
  A black bear (D:4)
  A bullfrog (Sewer)
  2 hounds
  A jelly (D:4)
  A sleepcap (D:4)
  An orc wizard (D:3)
  Robin (D:4)
  A gnoll (D:4)
  7 adders
  A river rat (D:3)
  4 ribbon worms
  9 dart slugs
  5 orcs
  18 endoplasms
  10 giant cockroaches
  19 goblins
  11 hobgoblins
  4 jackals
  6 quokkas
  16 ball pythons
  6 bats
  10 frilled lizards
  5 kobolds
  10 rats
150 creatures vanquished.

Notes
Turn   | Place    | Note
-------+----------+-------------------------------------------
     0 | D:1      | qw the Spriggan Hunter began the quest for the Orb.
     0 | D:1      | Reached XP level 1. HP: 10/10 MP: 2/2
     0 | D:1      | 0 ||| qw: Version: 0.3-a-160-g6735b56
     0 | D:1      | 0 ||| qw: Game counter: 6502
     0 | D:1      | 0 ||| qw: Melee chars always use a shield: true
     0 | D:1      | 0 ||| qw: God list: Okawaru
     0 | D:1      | 0 ||| qw: Allow faded altars: false
     0 | D:1      | 0 ||| qw: Do Orc after clearing Dungeon:15 true
     0 | D:1      | 0 ||| qw: Do second Lair branch before Depths: true
     0 | D:1      | 0 ||| qw: Lair rune preference: random
     0 | D:1      | 0 ||| qw: Goals: Normal
     0 | D:1      | 0 ||| PLANNING D:1-11
    42 | D:1      | Reached skill level 3 in Dodging
   111 | D:1      | Reached XP level 2. HP: 9/14 MP: 3/3
   487 | D:1      | 487 ||| UPGRADING to +1 robe of fire resistance.
   497 | D:1      | 497 ||| DROPPING +0 robe.
   498 | D:1      | 498 ||| READING scroll labelled TUNESO BEOPH.
   501 | D:1      | 501 ||| READING scroll labelled RANUOX ZURUVYT.
   502 | D:1      | 502 ||| READING scroll labelled SAGAULU ARUA.
   502 | D:1      | 502 ||| IDENTIFYING emerald potion
   503 | D:1      | 503 ||| DROPPING scroll of butterflies.
   533 | D:2      | 533 ||| STAIRDANCE
   545 | D:1      | Reached XP level 3. HP: 18/18 MP: 4/4
   581 | D:2      | 581 ||| STAIRDANCE
   585 | D:2      | 585 ||| STAIRDANCE
   596 | D:2      | 596 ||| STAIRDANCE
   774 | D:2      | HP: 3/18 [poisoned by an adder]
   869 | D:2      | Found a blossoming altar of Fedhas.
   953 | D:2      | Reached skill level 5 in Ranged Weapons
  1012 | D:2      | Reached XP level 4. HP: 21/22 MP: 5/5
  1516 | D:2      | Found a runed translucent door.
  1517 | D:2      | Noticed Crazy Yiuf
  1594 | D:2      | 1594 ||| DROPPING amulet of magic regeneration.
  1595 | D:2      | 1595 ||| UPGRADING to amulet of regeneration.
  1600 | D:2      | 1600 ||| READING 2 scrolls of identify.
  1600 | D:2      | 1600 ||| IDENTIFYING grey potion
  1601 | D:2      | 1601 ||| READING scroll of identify.
  1601 | D:2      | 1601 ||| IDENTIFYING metallic orange potion
  1602 | D:2      | 1602 ||| READING scroll labelled ZEKIOM SEARE.
  1602 | D:2      | 1602 ||| ENCHANTING +0 shortbow.
  1648 | D:3      | 1648 ||| PLANNING SEWER
  1798 | D:3      | Found a blossoming altar of Fedhas.
  1859 | D:3      | Reached XP level 5. HP: 18/26 MP: 6/6
  2158 | D:3      | Found a burning altar of Makhleb.
  2160 | D:3      | Found an iron altar of Okawaru.
  2269 | D:3      | Found a glowing drain.
  2273 | D:3      | 2273 ||| READING 2 scrolls of identify.
  2273 | D:3      | 2273 ||| IDENTIFYING bubbling silvery potion
  2274 | D:3      | 2274 ||| READING scroll of identify.
  2274 | D:3      | 2274 ||| IDENTIFYING bubbling ruby potion
  2275 | D:3      | 2275 ||| READING scroll labelled ESUFUY PYKHLU.
  2275 | D:3      | 2275 ||| BRANDING +1 shortbow.
  2276 | D:3      | 2276 ||| READING 2 scrolls labelled LASOMI MAROTH.
  2277 | D:3      | 2277 ||| READING scroll labelled XOCOQI EROJO.
  2278 | D:3      | 2278 ||| READING scroll labelled AGOENE KIUQ.
  2279 | D:3      | 2279 ||| DROPPING potion of degeneration.
  2280 | D:3      | 2280 ||| DROPPING potion of brilliance.
  2281 | D:3      | 2281 ||| DROPPING scroll of blinking.
  2285 | Sewer    | Entered a sewer
  2487 | Sewer    | Reached skill level 6 in Ranged Weapons
  2516 | Sewer    | Reached skill level 6 in Dodging
  2516 | Sewer    | Reached XP level 6. HP: 30/30 MP: 7/7
  2535 | Sewer    | 2535 ||| READING scroll of brand weapon.
  2535 | Sewer    | 2535 ||| BRANDING +1 shortbow of flaming.
  2553 | D:3      | 2553 ||| PLANNING OKAWARU WORSHIP
  2634 | D:3      | Became a worshipper of Warmaster Okawaru
  2635 | D:3      | 2635 ||| PLANNING D:1-11
  2933 | D:4      | Found Erisop's General Store.
  2944 | D:4      | 2944 ||| BUYING potion of haste (110 gold).
  2944 | D:4      | Bought a potion of haste for 110 gold pieces
  2944 | D:4      | 2944 ||| BUYING potion of heal wounds (55 gold).
  2944 | D:4      | Bought a potion of heal wounds for 55 gold pieces
  2944 | D:4      | 2944 ||| SHOPLISTING potion of resistance (110 gold, have
                  | 73).
  2944 | D:4      | 2944 ||| BUYING scroll of teleportation (33 gold).
  2944 | D:4      | Bought a scroll of teleportation for 33 gold pieces
  2944 | D:4      | 2944 ||| SHOPLISTING wand of iceblast (3) (79 gold, have
                  | 40).
  3004 | D:4      | 3004 ||| DRINKING 2 potions of haste.
  3059 | D:4      | Reached skill level 7 in Ranged Weapons
  3267 | D:4      | Reached XP level 7. HP: 35/35 MP: 8/8
  3290 | D:4      | Noticed Robin
  3306 | D:4      | Killed Robin
  3367 | D:4      | HP: 7/35 [frozen (4)]
  3367 | D:4      | Killed from afar by an orc priest

Levels and vault maps discovered:
D:1:      lemuel_arrival_broad_hall, layout_rooms, amcnicky_mini_pool_small
D:2:      layout_loops_ring, basic_altar, kennysheep_nondescript,
          uniq_crazy_yiuf_cottage
D:3:      layout_loops_ring, fedhas_altar_2, grunt_temple_overflow_open,
          gup_sewer_entry_spiral
D:4:      layout_gridville, serial_shops, nicolae_shop_peninsula,
          kennysheep_generic_room_6, uniq_robin

Skill      XL: |  1  2  3  4  5  6 |
---------------+-------------------+-----
Dodging        | 3 4 5 6 |  6.8
Ranged Weapons | 5 6 7 |  7.0
Fighting       | 2 |  2.0
Stealth        | |  1.5

Action                     |  1- 3 |  4- 6 |  7- 9 || total
---------------------------+-------+-------+-------++-------
   Fire: Shortbow          |   127 |   236 |    35 ||   398
    Use: Scroll            |     3 |    10 |       ||    13
         Potion            |       |     1 |       ||     1
 Armour: Robe              |    23 |    23 |    26 ||    72
  Dodge: Dodged            |    71 |    98 |    58 ||   227

Table legend:
 A = Non-vault XP
 B = Vault XP
 C = Vault XP percentage of total XP
 D = Non-vault monster count
 E = Vault monster count
 F = Vault count percentage of total count
                 A         B        C        D         E       F
            +---------+---------+-------+---------+---------+-------
      Total |     517 |     299 |  36.6 |      82 |      68 |  45.3
            +---------+---------+-------+---------+---------+-------
        D:1 |      50 |       0 |   0.0 |      33 |       0 |   0.0
        D:2 |      70 |       0 |   0.0 |      16 |       0 |   0.0
        D:3 |     115 |      25 |  17.9 |      20 |       7 |  25.9
        D:4 |     282 |      53 |  15.8 |      13 |      13 |  50.0
      Sewer |       0 |     221 | 100.0 |       0 |      48 | 100.0
            +---------+---------+-------+---------+---------+-------
